 Dungeon Crawl Stone Soup version 0.31-a0-157-g0643eb4156 (webtiles) character file.

Game seed: 1934206052241224695

4935 qw the Cleaver (level 10, -1/64 HPs)
             Began as a Gargoyle Fighter on June 12, 2023.
             Was a Believer of Okawaru.
             Slain by a two-headed ogre
             ... wielding a +0 giant spiked club
              (11 damage)
             ... on level 9 of the Dungeon.
             The game lasted 00:04:43 (8042 turns).

qw the Cleaver (Gargoyle Fighter)                   Turns: 8042, Time: 00:04:44

Health: -1/64      AC: 25    Str: 24    XL:     10   Next: 52%
Magic:  12/13      EV:  9    Int:  9    God:    Okawaru [**....]
Gold:   474        SH:  6    Dex:  9    Spells: 9/9 levels left

rFire   . . .        Y - +2 war axe
rCold   + . .        c - +0 buckler
rNeg    + . .        b - +0 plate armour
rPois   inf          q - +0 helmet
rElec   +            u - +0 cloak
rCorr   +            (no gloves)
SInv    .            (no boots)
Will    .....        (no amulet) Stlth
                     e - ring of resist corrosion
HPRegen 0.30/turn    n - ring of protection from cold
MPRegen 0.13/turn

%: no passive effects
@: heroic
A: sickness immunity, AC +7, negative energy resistance 1, electricity
resistance, torment resistance 1, petrification resistance
a: Renounce Religion, Heroism


You were on level 9 of the Dungeon.
You worshipped Okawaru.
Okawaru was pleased with you.
You visited 1 branch of the dungeon, and saw 9 of its levels.

You collected 474 gold pieces.


Innate Abilities, Weirdness & Mutations

You are immune to sickness and miasma.
Your stone body is resilient. (AC +7)
You are immune to poison.
You resist negative energy. (rN+)
You are resistant to electric shocks. (rElec)
You are resistant to unholy torment.
You are immune to petrification.


   Skills:
 - Level 8.1(13.1) Fighting
 + Level 10.3(15.3) Axes
 - Level 1.0(6.0) Throwing
 - Level 7.0(12.0) Armour
 - Level 1.0(6.0) Dodging
 - Level 5.0(10.0) Shields
 - Level 4.2 Invocations


You had 9 spell levels left.
You didn't know any spells.
Your spell library was empty.

Inventory:

Hand Weapons
 j - a +0 morningstar
 p - a +0 flail of holy wrath
 Y - a +2 war axe (weapon)
Armour
 b - a +0 plate armour (worn)
 c - a +0 buckler (worn)
 q - a +0 helmet (worn)
 t - the +0 chain mail "Toteuq" {rF+}
   (You found it on level 4 of the Dungeon)

   rF:        It protects you from fire.
 u - a +0 cloak (worn)
Jewellery
 e - a ring of resist corrosion (left hand)
 n - a ring of protection from cold (right hand)
Scrolls
 a - 2 scrolls of identify
 f - 2 scrolls of teleportation
Potions
 d - a potion of might
 g - 4 potions of cancellation
 h - 2 potions of attraction
 i - 2 potions of mutation
 l - a potion of curing
 m - a potion of resistance
 v - 3 potions of lignification

Dungeon Overview and Level Annotations

Branches:
Dungeon (9/15)             Temple (0/1) D:5
   Lair: D:8-11         Orc: D:9-12

Altars:
Ashenzari
Cheibriados
Elyvilon
Kikubaaqudgha
Nemelex Xobeh
Okawaru
Ru
Trog
Uskayaw
Xom

Annotations:
D:7 exclusion: 3 electric eels
D:8 3 runed translucent doors, qw's ghost, journeyman GrFi


Message History

The killer bee is severely wounded.
You slash the killer bee!
You kill the killer bee!
Okawaru accepts your kill.
You slash the killer bee! The killer bee barely misses you.
The killer bee stings you but does no damage.
You slash the killer bee!
You kill the killer bee!
Okawaru accepts your kill.
You slash the killer bee!
You kill the killer bee!
Okawaru accepts your kill.
You barely miss the two-headed ogre. You block the two-headed ogre's attack.
The two-headed ogre hits you but does no damage.
You barely miss the two-headed ogre. You slice the two-headed ogre!!
The two-headed ogre is moderately wounded.
The two-headed ogre hits you with a +0 giant spiked club!!
The two-headed ogre hits you with a +0 giant club.
You barely miss the two-headed ogre.
The two-headed ogre is moderately wounded.
You hit the two-headed ogre.
The two-headed ogre is heavily wounded.
The two-headed ogre hits you but does no damage.
The two-headed ogre barely misses you.
You barely miss the two-headed ogre.
The two-headed ogre is heavily wounded.
You barely miss the two-headed ogre.
The two-headed ogre is heavily wounded.
You block the two-headed ogre's attack.
The two-headed ogre hits you with a +0 giant club!
You hit the two-headed ogre but do no damage.
The two-headed ogre is heavily wounded.
You slash the two-headed ogre!
The two-headed ogre is severely wounded.
The two-headed ogre hits you with a +0 giant spiked club!
The two-headed ogre hits you with a +0 giant club!
You die...

### +.# ########
#.###......#
#.#.'......#
#.#.#......+
#.#.#......#
#.#.#.%....#
#.#.#@.....#
#####.'.#O.....#
#.....###......#
##'#### #$.....#
####.# #[.....#
#....# ##.#####
####.#### ..
#......# ..
#......#


You could see a two-headed ogre.

Vanquished Creatures
  A hornet (D:7)
  Prince Ribbit (D:8)
  A wyvern (D:8)
  4 yaks (D:8)
  Edmund (D:5)
  2 water moccasins
  5 ice beasts
  An orc warrior (D:8)
  A sky beast (D:7)
  5 black bears
  A centaur (D:8)
  3 phantoms
  A bullfrog (D:6)
  2 scorpions
  13 wights
  11 killer bees
  A howler monkey (D:8)
  2 hounds (D:3)
  A gnoll bouda (D:5)
  5 orc priests
  2 jellies
  2 sleepcaps
  Jessica (D:3)
  3 orc wizards
  2 iguanas
  6 adders
  5 gnolls
  2 white imps
  A worm (D:3)
  2 dart slugs
  31 orcs
  7 ball pythons
  6 endoplasms
  5 giant cockroaches
  4 goblins
  7 hobgoblins
  8 jackals
  7 quokkas
  7 bats
  9 frilled lizards
  8 kobolds
  7 rats
194 creatures vanquished.

Notes
Turn   | Place    | Note
-------+----------+-------------------------------------------
     0 | D:1      | qw the Gargoyle Fighter began the quest for the Orb.
     0 | D:1      | Reached XP level 1. HP: 14/14 MP: 1/1
     0 | D:1      | 0 ||| qw: Version: 0.2-a-29-gc1b59c4
     0 | D:1      | 0 ||| qw: Game counter: 4150
     0 | D:1      | 0 ||| qw: Always use a shield: true
     0 | D:1      | 0 ||| qw: God list: Okawaru
     0 | D:1      | 0 ||| qw: Allow faded altars: false
     0 | D:1      | 0 ||| qw: Do Orc after D:15 true
     0 | D:1      | 0 ||| qw: Do second Lair branch before Depths: true
     0 | D:1      | 0 ||| qw: Lair rune preference: random
     0 | D:1      | 0 ||| qw: Plans: Normal, Zot:1-4, Slime:5, God:TSO, Crypt,
                  | Tomb, Abyss, Pan, Hells, Win
     0 | D:1      | 0 ||| PLANNING D:1-11
    24 | D:1      | Reached skill level 2 in Axes
    67 | D:1      | Reached XP level 2. HP: 15/19 MP: 2/2
   435 | D:1      | Reached skill level 3 in Axes
   439 | D:1      | Reached XP level 3. HP: 23/23 MP: 3/3
   611 | D:1      | 611 ||| Stepping ~*~*~tactically~*~*~ (stealth).
   787 | D:1      | 787 ||| READING 3 scrolls labelled RAGAIFYGRE.
   788 | D:1      | 788 ||| READING 2 scrolls of identify.
   788 | D:1      | 788 ||| IDENTIFYING fuming clear potion
   846 | D:2      | 846 ||| Stepping ~*~*~tactically~*~*~ (stealth).
  1003 | D:2      | You fall into a shaft and drop 1 floor!
  1003 | D:3      | Found an iron altar of Okawaru.
  1004 | D:3      | 1004 ||| PLANNING OKAWARU WORSHIP
  1012 | D:3      | 1012 ||| Stepping ~*~*~tactically~*~*~ (stealth).
  1020 | D:3      | Reached XP level 4. HP: 19/28 MP: 4/4
  1069 | D:3      | 1069 ||| DROPPING +0 mace.
  1070 | D:3      | Became a worshipper of Warmaster Okawaru
  1070 | D:3      | 1070 ||| PLANNING D:1-11
  1080 | D:3      | 1080 ||| FLEEEEING.
  1081 | D:3      | 1081 ||| STAIRDANCE
  1122 | D:2      | Reached skill level 4 in Axes
  1285 | D:2      | 1285 ||| Stepping ~*~*~tactically~*~*~ (stealth).
  1387 | D:2      | Identified the +5 ring mail "Jehua" {Will+ Int+4}
  1562 | D:2      | 1562 ||| Stepping ~*~*~tactically~*~*~ (stealth).
  1563 | D:2      | 1563 ||| Stepping ~*~*~tactically~*~*~ (stealth).
  1893 | D:2      | 1893 ||| UPGRADING to +5 ring mail "Jehua" {Will+ Int+4}.
  1903 | D:2      | 1903 ||| DROPPING +0 scale mail.
  1904 | D:2      | 1904 ||| UPGRADING to ring of resist corrosion.
  1905 | D:2      | 1905 ||| READING scroll labelled AZEKKIHECA.
  1906 | D:2      | 1906 ||| READING 3 scrolls of identify.
  1906 | D:2      | 1906 ||| IDENTIFYING fizzy clear potion
  1907 | D:2      | 1907 ||| READING 2 scrolls of identify.
  1907 | D:2      | 1907 ||| IDENTIFYING emerald potion
  1952 | D:3      | Found a snail-covered altar of Cheibriados.
  1992 | D:3      | Found a broken altar of Ashenzari.
  2022 | D:3      | Reached XP level 5. HP: 26/32 MP: 5/5
  2095 | D:3      | 2095 ||| Stepping ~*~*~tactically~*~*~ (hiding).
  2137 | D:3      | Reached skill level 5 in Axes
  2153 | D:3      | HP: 3/32 [iguana (8)]
  2153 | D:3      | HP: 1/32 [iguana (2)]
  2154 | D:3      | 2154 ||| DRINKING potion of heal wounds.
  2156 | D:3      | Reached skill level 1 in Dodging
  2219 | D:3      | Reached XP level 6. HP: 33/38 MP: 6/6
  2281 | D:3      | Noticed Jessica
  2282 | D:3      | 2282 ||| UPGRADING to +0 helmet.
  2292 | D:3      | Killed Jessica
  2331 | D:3      | 2331 ||| UPGRADING to ring of protection from cold.
  2332 | D:3      | 2332 ||| DROPPING +6 ring of intelligence.
  2333 | D:3      | 2333 ||| READING scroll labelled ZUHIUM ESAE.
  2334 | D:3      | 2334 ||| READING scroll labelled TIEDUN KOLANYS.
  2442 | D:3      | 2442 ||| DRINKING 2 smoky green potions.
  2443 | D:3      | 2443 ||| READING 3 scrolls of identify.
  2443 | D:3      | 2443 ||| IDENTIFYING viscous silvery potion
  2444 | D:3      | 2444 ||| READING 2 scrolls of identify.
  2444 | D:3      | 2444 ||| IDENTIFYING sedimented pink potion
  2484 | D:3      | 2484 ||| DROPPING potion of enlightenment.
  2537 | D:4      | Reached * piety under Okawaru
  2727 | D:4      | Reached skill level 1 in Invocations
  2734 | D:4      | Reached XP level 7. HP: 44/44 MP: 6/8
  2870 | D:4      | Identified the +0 chain mail "Toteuq" {rF+}
  3036 | D:4      | 3036 ||| INVOKING Heroism.
  3038 | D:4      | 3038 ||| Stepping ~*~*~tactically~*~*~ (stealth).
  3169 | D:4      | 3169 ||| DROPPING +0 chain mail.
  3170 | D:4      | 3170 ||| UPGRADING to +0 chain mail "Toteuq" {rF+}.
  3180 | D:4      | 3180 ||| UPGRADING to +0 cloak.
  3185 | D:4      | 3185 ||| READING scroll labelled JUUMEAFUYRR.
  3186 | D:4      | 3186 ||| READING 2 scrolls labelled IKI LAEKKYGEDI.
  3187 | D:4      | 3187 ||| READING scroll of enchant weapon.
  3187 | D:4      | 3187 ||| ENCHANTING +1 war axe.
  3188 | D:4      | 3188 ||| READING scroll labelled LORILY LEXO.
  3189 | D:4      | 3189 ||| READING scroll labelled JAOCSA ANIYNN.
  3190 | D:4      | 3190 ||| READING 4 scrolls of identify.
  3190 | D:4      | 3190 ||| IDENTIFYING bubbling cyan potion
  3191 | D:4      | 3191 ||| READING 3 scrolls of identify.
  3191 | D:4      | 3191 ||| IDENTIFYING amethyst potion
  3192 | D:4      | 3192 ||| READING 2 scrolls of identify.
  3192 | D:4      | 3192 ||| IDENTIFYING bubbling red potion
  3193 | D:4      | 3193 ||| DROPPING potion of brilliance.
  3194 | D:4      | 3194 ||| DROPPING potion of degeneration.
  3215 | D:5      | Entered Level 5 of the Dungeon
  3232 | D:5      | Reached skill level 6 in Axes
  3293 | D:5      | Found a staircase to the Ecumenical Temple.
  3313 | D:5      | 3313 ||| Stepping ~*~*~tactically~*~*~ (hiding).
  3409 | D:5      | Reached skill level 3 in Invocations
  3419 | D:5      | 3419 ||| Stepping ~*~*~tactically~*~*~ (hiding).
  3493 | D:5      | 3493 ||| INVOKING Heroism.
  3546 | D:5      | Reached ** piety under Okawaru
  3547 | D:5      | Reached XP level 8. HP: 48/48 MP: 9/11
  3579 | D:5      | Reached skill level 7 in Axes
  3585 | D:5      | 3585 ||| INVOKING Heroism.
  3599 | D:5      | Reached skill level 1 in Throwing
  3624 | D:5      | 3624 ||| DROPPING +0 flail.
  3714 | D:5      | 3714 ||| INVOKING Heroism.
  3928 | D:5      | Noticed Edmund
  3929 | D:5      | 3929 ||| INVOKING Heroism.
  3939 | D:5      | Killed Edmund
  4228 | D:5      | 4228 ||| READING scroll labelled HOTOBL MEIS.
  4229 | D:5      | 4229 ||| READING scroll labelled RUESICH REQU.
  4258 | D:6      | 4258 ||| INVOKING Heroism.
  4268 | D:6      | Reached skill level 8 in Axes
  4458 | D:6      | 4458 ||| Stepping ~*~*~tactically~*~*~ (stealth).
  4459 | D:6      | 4459 ||| INVOKING Heroism.
  4466 | D:6      | Reached skill level 6 in Fighting
  4479 | D:6      | 4479 ||| DROPPING +2 flail of draining.
  4480 | D:6      | 4480 ||| DROPPING +1 mace of holy wrath.
  4733 | D:6      | Reached XP level 9. HP: 55/55 MP: 12/12
  4756 | D:6      | 4756 ||| INVOKING Heroism.
  4825 | D:6      | Found a hide-covered altar of Uskayaw.
  4826 | D:6      | Found a sacrificial altar of Ru.
  4827 | D:6      | Found a sparkling altar of Nemelex Xobeh.
  4827 | D:6      | Found a bloodstained altar of Trog.
  5203 | D:6      | 5203 ||| UPGRADING to +0 plate armour.
  5213 | D:6      | 5213 ||| DROPPING +5 ring mail "Jehua" {Will+ Int+4}.
  5214 | D:6      | 5214 ||| READING scroll labelled JIGURU HATANEZ.
  5298 | D:7      | 5298 ||| INVOKING Heroism.
  5301 | D:7      | 5301 ||| Stepping ~*~*~tactically~*~*~ (stealth).
  5335 | D:7      | 5335 ||| INVOKING Heroism.
  5393 | D:7      | Noticed a hornet
  5405 | D:7      | Killed a hornet
  5406 | D:7      | Reached skill level 9 in Axes
  5409 | D:7      | 5409 ||| INVOKING Heroism.
  5581 | D:7      | Found a shimmering altar of Xom.
  5582 | D:7      | Found a shimmering altar of Xom.
  5585 | D:7      | Found a shimmering altar of Xom.
  5586 | D:7      | Found a shimmering altar of Xom.
  5614 | D:7      | 5614 ||| INVOKING Heroism.
  5634 | D:7      | 5634 ||| INVOKING Heroism.
  5639 | D:7      | HP: 13/55 [electric eel/bolt of electricity (3)]
  5640 | D:7      | 5640 ||| READING 2 scrolls of teleportation.
  5641 | D:7      | 5641 ||| DRINKING potion of heal wounds.
  5707 | D:7      | 5707 ||| Stepping ~*~*~tactically~*~*~ (hiding).
  5713 | D:7      | Reached skill level 6 in Armour
  5843 | D:7      | Noticed a wind drake
  6000 | D:7      | Found a white marble altar of Elyvilon.
  6057 | D:7      | Found an ancient bone altar of Kikubaaqudgha.
  6106 | D:7      | 6106 ||| Stepping ~*~*~tactically~*~*~ (hiding).
  6426 | D:7      | 6426 ||| READING 3 scrolls of identify.
  6426 | D:7      | 6426 ||| IDENTIFYING fuming dark potion
  6499 | D:8      | Noticed qw's ghost (journeyman GrFi)
  6518 | D:8      | 6518 ||| Stepping ~*~*~tactically~*~*~ (hiding).
  6597 | D:8      | 6597 ||| Stepping ~*~*~tactically~*~*~ (stealth).
  6599 | D:8      | 6599 ||| Stepping ~*~*~tactically~*~*~ (stealth).
  6720 | D:8      | 6720 ||| Stepping ~*~*~tactically~*~*~ (stealth).
  6733 | D:8      | Reached XP level 10. HP: 61/63 MP: 13/13
  6744 | D:8      | 6744 ||| INVOKING Heroism.
  6747 | D:8      | Reached skill level 10 in Axes
  6914 | D:8      | 6914 ||| INVOKING Heroism.
  6995 | D:8      | 6995 ||| INVOKING Heroism.
  7007 | D:8      | HP: 13/64 [wyvern (13)]
  7008 | D:8      | 7008 ||| READING 2 scrolls of teleportation.
  7008 | D:8      | HP: 5/64 [wyvern (2)]
  7220 | D:8      | Found a runed translucent gate.
  7220 | D:8      | Found a runed translucent gate.
  7231 | D:8      | Found a runed translucent gate.
  7400 | D:8      | Noticed Prince Ribbit
  7418 | D:8      | Killed Prince Ribbit
  7593 | D:8      | 7593 ||| INVOKING Heroism.
  7594 | D:8      | 7594 ||| Stepping ~*~*~tactically~*~*~ (stealth).
  8023 | D:9      | Noticed a two-headed ogre
  8024 | D:9      | 8024 ||| INVOKING Heroism.
  8042 | D:9      | HP: 10/64 [two-headed ogre/+0 giant spiked club (8)]
  8042 | D:9      | Slain by a two-headed ogre

Levels and vault maps discovered:
D:1:      grunt_arrival_crossed_arrows, layout_basic, minmay_misc_feat_doors
D:2:      layout_basic
D:3:      layout_rooms, nicolae_ashenzari_skybound, tgw_sif, okawaru_trees_2,
          mainiacjoe_overflow_alcove_4, cheibrodos_gnoll_hut, uniq_jessica
D:4:      kennysheep_big_flooded_room, layout_basic
D:5:      layout_cave_pods, minmay_temple_entry_sparse_star, minmay_liquid_box,
          minmay_holes, uniq_edmund
D:6:      layout_loops_corners, mainiacjoe_overflow_alcove_3
D:7:      layout_loops_ring, lemuel_tele_altar, xom_shifter_show,
          elyvilon_altar_4, minivault_14
D:8:      layout_basic, gammafunk_ghost_icy, palyth_stone_intersect,
          minmay_misc_feat_ornament, uniq_prince_ribbit1
D:9:      layout_roguey [special_room_orc], nicolae_yredelemnul_ghost_church,
          due_lair_maze_entry_diamond

Skill      XL: |  1  2  3  4  5  6  7  8  9 10 |
---------------+-------------------------------+-----
Axes           | 2 3 4 5 6 8 9 10 | 10.3
Dodging        | 1 |  1.0
Fighting       | 4 6 7 8 |  8.1
Invocations    | 1 4 |  4.2
Throwing       | 1 |  1.0
Armour         | 4 6 7 |  7.0
Shields        | 4 5 |  5.0

Action                     |  1- 3 |  4- 6 |  7- 9 | 10-12 || total
---------------------------+-------+-------+-------+-------++-------
  Melee: War axe           |   112 |   163 |   269 |    99 ||   643
  Throw: Boomerang         |       |       |    29 |       ||    29
 Invoke: Heroism           |       |       |    13 |     5 ||    18
    Use: Scroll            |     2 |     7 |    13 |     1 ||    23
         Potion            |       |     2 |     1 |       ||     3
 Armour: Scale mail        |    58 |    23 |       |       ||    81
         Ring mail         |       |    53 |     3 |       ||    56
         Chain mail        |       |       |    63 |       ||    63
         Plate armour      |       |       |   103 |    49 ||   152
  Dodge: Dodged            |    38 |    79 |   110 |    43 ||   270
  Block: Buckler           |    20 |    30 |    56 |    21 ||   127

Table legend:
 A = Non-vault XP
 B = Vault XP
 C = Vault XP percentage of total XP
 D = Non-vault monster count
 E = Vault monster count
 F = Vault count percentage of total count
                 A         B        C        D         E       F
            +---------+---------+-------+---------+---------+-------
      Total |    6472 |     579 |   8.2 |     185 |       9 |   4.6
            +---------+---------+-------+---------+---------+-------
        D:1 |      59 |       0 |   0.0 |      34 |       0 |   0.0
        D:2 |      78 |       0 |   0.0 |      27 |       0 |   0.0
        D:3 |     131 |     142 |  52.0 |      24 |       4 |  14.3
        D:4 |     255 |       3 |   1.2 |      12 |       2 |  14.3
        D:5 |    1022 |     158 |  13.4 |      24 |       1 |   4.0
        D:6 |     784 |       0 |   0.0 |      16 |       0 |   0.0
        D:7 |    1443 |       2 |   0.1 |      15 |       1 |   6.2
        D:8 |    2326 |     274 |  10.5 |      27 |       1 |   3.6
        D:9 |     374 |       0 |   0.0 |       6 |       0 |   0.0
            +---------+---------+-------+---------+---------+-------
